 Dungeon Crawl Stone Soup version 0.23.1 (webtiles) character file.

Game seed: 11625441671916640696

11 tidbits the Caller (level 2, 5/11 HPs)
             Began as a Felid Summoner on Mar 14, 2019.
             Quit the game on level 2 of the Dungeon.
             The game lasted 00:03:18 (300 turns).

tidbits the Caller (Felid Summoner)                  Turns: 300, Time: 00:03:18

Health: 5/11       AC:  1    Str:  4    XL:     2   Next: 17%
Magic:  3/6        EV: 18    Int: 16    God:
Gold:   43         SH:  3    Dex: 16    Spells: 2/5 levels left
                                        Lives:  0   Deaths: 0

rFire    + . .     SeeInvis +   (weapon unavailable)
rCold    . . .     Gourm    .   (shield unavailable)
rNeg     . . .     Faith    .   (armour unavailable)
rPois    .         Spirit   .   (helmet unavailable)
rElec    .         Reflect  +   (cloak unavailable)
rCorr    .         Harm     .   (gloves unavailable)
MR       .....     Rnd*Tele +   (boots unavailable)
Stlth    +++.......             f - +3 amulet of reflection
HPRegen  0.03/turn              e - ring of protection from fire
MPRegen  0.10/turn              h - ring of teleportation (curse)

@: quick
A: very small, no armour, no weapons or thrown items, stealth, claws 1, fangs 3,
see invisible, carnivore, speed 1, shaggy fur 1, slow metabolism 1, sharp paws
a: no special abilities


You were on level 2 of the Dungeon.
You were not hungry.

You visited 1 branch of the dungeon, and saw 2 of its levels.

You collected 43 gold pieces.

Inventory:

Jewellery
 e - a ring of protection from fire (left paw)
   (You found it on level 1 of the Dungeon)
 f - a +3 amulet of reflection (around neck)
   (You found it on level 1 of the Dungeon)
 h - a cursed ring of teleportation (right paw)
   (You found it on level 2 of the Dungeon)
Scrolls
 d - a scroll of enchant weapon
 g - a scroll of blinking
Comestibles
 b - a ration


   Skills:
 - Level 2.7 Dodging
 - Level 2.7 Stealth
 + Level 2.3 Spellcasting
 + Level 4.2 Summonings


You had 2 spell levels left.
You knew the following spells:

 Your Spells              Type           Power        Failure   Level  Hunger
a - Summon Small Mammal   Summ           ###.         3%          1    #......
i - Call Imp              Summ           ###.....     5%          2    ###....

Your spell library contained the following spells:

 Spells                   Type           Power        Failure   Level  Hunger
 Call Canine Familiar     Summ           ###.....     11%         3    ###....
 Summon Guardian Golem    Hex/Summ       #.......     26%         3    ###....
 Summon Ice Beast         Ice/Summ       #.......     63%         4    #####..
 Summon Lightning Spire   Summ/Air       #.......     63%         4    #####..


Dungeon Overview and Level Annotations

Branches:
Dungeon (2/15)

Altars:


Innate Abilities, Weirdness & Mutations

You cannot wear armour.
You are incapable of wielding weapons or throwing items.
Your paws allow you to move quietly. (Stealth)
You have sharp claws.
You have razor-sharp teeth.
You have supernaturally acute eyesight. (SInv)
You are carnivorous and can eat meat at any time.
You cover ground quickly.
You are covered in fur. (AC +1)
You have a slow metabolism.
Your sharp claws are effective at attacking unaware monsters.


Message History

You closely miss the giant cockroach.
The giant cockroach is almost dead.
The giant cockroach misses you. The giant cockroach bites you.
* * * LOW HITPOINT WARNING * * *
You scratch the giant cockroach but do no damage.
The giant cockroach is almost dead.
The giant cockroach barely misses you.
You scratch the giant cockroach but do no damage.
The giant cockroach is almost dead.
The giant cockroach misses you.
You barely miss the giant cockroach.
The giant cockroach is almost dead.
You block the giant cockroach's attack.
You completely miss the giant cockroach.
The giant cockroach is almost dead.
The giant cockroach completely misses you.
You scratch the giant cockroach but do no damage.
The giant cockroach is almost dead.
You block the giant cockroach's attack. The giant cockroach bites you.
* * * LOW HITPOINT WARNING * * *
You scratch the giant cockroach.
You kill the giant cockroach!
Found a stone staircase leading down.
Unknown command.
Found 5 gold pieces.
Magic restored.
You see here 5 gold pieces.
You now have 43 gold pieces (gained 5).
A leopard gecko comes into view.
Casting: Summon Small Mammal (safe; 3% risk of failure)
Confirm with . or Enter, or press ? or * to list all spells.
Casting: Summon Small Mammal (safe; 3% risk of failure)
Confirm with . or Enter, or press ? or * to list all spells.
Casting: Summon Small Mammal (safe; 3% risk of failure)
Confirm with . or Enter, or press ? or * to list all spells.
Your rat bites the leopard gecko.
The leopard gecko hisses angrily.
The leopard gecko bites your rat.
Your rat dies!
Your rat's corpse disappears in a puff of smoke!
Unknown command.
Casting: Summon Small Mammal (safe; 3% risk of failure)
Confirm with . or Enter, or press ? or * to list all spells.
A beastly little devil appears in a puff of flame.
Your bat barely misses the leopard gecko.
You barely miss the leopard gecko.
The leopard gecko is heavily wounded.
Your bat closely misses the leopard gecko.
The leopard gecko barely misses you.
Your bat hits the leopard gecko.
Your bat barely misses the leopard gecko.
Your quokka barely misses the leopard gecko.
You scratch the leopard gecko.
You kill the leopard gecko!
Found a dagger.
There is a stone staircase leading down here.
You climb downwards.
Your summoned ally is left behind.
A ball python comes into view.
There is a stone staircase leading up here.
Unknown command.
The ball python hisses angrily.
The ball python barely misses you. The ball python misses you.
Found 3 scrolls labeled PUNWUY JENWOICAF and a glass ring.
Casting: Call Imp (safe; 5% risk of failure)
Confirm with . or Enter, or press ? or * to list all spells.
A beastly little devil appears in a puff of flame.
The ball python closely misses you. x2
Casting: Call Imp (safe; 5% risk of failure)
Confirm with . or Enter, or press ? or * to list all spells.
The ball python closely misses you. The ball python grabs you.
* * * LOW HITPOINT WARNING * * *
The ball python constricts you. The ball python barely misses you.
* * * LOW HITPOINT WARNING * * *
The ball python constricts you.
Your crimson imp hits the ball python.
The ball python dies!
You swap places.
Unknown command.
A frilled lizard comes into view.
Your crimson imp blinks!
You see here a glass ring.
Unknown command.
h - a glass ring Put on which piece of jewellery? (? for menu, Esc to quit)
You feel slightly jumpy.
Oops, that ring feels deathly cold.
h - a cursed ring of teleportation (right paw)
You swap places.
Your crimson imp blinks!
You swap places.
You see here 3 scrolls labeled PUNWUY JENWOICAF.
As you read the scroll labeled PUNWUY JENWOICAF, it crumbles to dust.
Your nose twitches suddenly!
It was a scroll of random uselessness.
As you read the scroll labeled XALUEXOVAE, it crumbles to dust.
It is a scroll of enchant weapon.
You aren't carrying any weapons that can be enchanted.
As you read the scroll labeled MEALAMP GUXE, it crumbles to dust.
It is a scroll of identify.
g - a scroll of blinking
As you read the scroll labeled GUGEYL LOCS, it crumbles to dust.
The air around you briefly surges with heat, but it dissipates.
It was a scroll of immolation.
Are you sure you want to abandon this character and quit the game? (Confirm with "yes".)

############
#..........#
#..........# .
#..........# ...
#<.†.....r5##.....
#.........@.......
#..........##.....
#..........# ....
#..........# ...
#.#####.##..# l.
#.# #.###.# . #..
#.# ..# .. #.. #.#
#.


You could see a friendly crimson imp and a friendly quokka.

Vanquished Creatures
  A leopard gecko (D:1)
  2 bats (D:1)
  A giant cockroach (D:1)
  A goblin (D:1)
5 creatures vanquished.

Vanquished Creatures (collateral kills)
  A giant cockroach (D:1)
  2 hobgoblins (D:1)
  A kobold (D:1)
  A ball python (D:2)
  A frilled lizard (D:1)
  2 rats (D:1)
8 creatures vanquished.

Grand Total: 13 creatures vanquished

Notes
Turn   | Place    | Note
-------+----------+-------------------------------------------
     0 | D:1      | tidbits the Felid Summoner began the quest for the Orb.
     0 | D:1      | Reached XP level 1. HP: 7/7 MP: 4/4
   186 | D:1      | Reached XP level 2. HP: 8/11 MP: 1/6
   190 | D:1      | Learned a level 2 spell: Call Imp
   300 | D:2      | Quit the game

Action                   || total
-------------------------++-------
Melee: Unarmed           ||    21
 Cast: Summon Small Mamm ||    16
       Call Imp          ||     2
  Use: Scroll            ||     4
 Stab: Sleeping          ||     1
Dodge: Dodged            ||    20
Block: Other             ||     2

Table legend:
 A = Turns spent in this place as a percentage of turns spent in the entire game.
 B = Non-inter-level travel turns spent in this place as a percentage of non-inter-level travel turns spent in the entire game.
 C = Inter-level travel turns spent in this place as a percentage of turns spent in this place.
 D = Turns resting spent in this place as a percentage of non-inter-level travel turns spent in this place.
 E = Turns spent auto-exploring this place as a percentage of non-inter-level travel turns spent in this place.
 F = Non-inter-level travel turns spent in this place divided by the number of levels of this place that you've seen.
                   A       B       C       D       E      F
               +-------+-------+-------+-------+-------+----------------------
         Total | 100.0 | 100.0 |   0.0 |   0.0 |   0.0 | 150.0
       Dungeon | 100.0 | 100.0 |   0.0 |   0.0 |   0.0 | 150.0
               +-------+-------+-------+-------+-------+----------------------

Table legend:
 A = Kills in this place as a percentage of kills in entire the game.
 B = Kills by you in this place as a percentage of kills by you in the entire game.
 C = Kills by friends in this place as a percentage of kills by friends in the entire game.
 D = Other kills in this place as a percentage of other kills in the entire game.
 E = Experience gained in this place as a percentage of experience gained in the entire game.
 F = Experience gained in this place divided by the number of levels of this place that you have seen.
                   A       B       C       D       E      F
               +-------+-------+-------+-------+-------+----------------------
         Total | 100.0 | 100.0 | 100.0 |   N/A | 100.0 |   8.5
       Dungeon | 100.0 | 100.0 | 100.0 |   N/A | 100.0 |   8.5
               +-------+-------+-------+-------+-------+----------------------

Levels and vault maps discovered:
D:1:      ncdulo_lavacross, layout_basic
D:2:      layout_rooms, nicolae_overflow_crystal_walls, lemuel_doored_altar,
          chequers_temple_overflow_statue_of_worship, first_ration,
          minmay_pentomino_x2
